Unix NetHack Version 5.0.0-0 post-release - last build May  4 2026 22:22:43 (774f63e81ad911689b3a0859ea89b322d5daca8d,branch:main).

Game began 2026-05-08 14:02:55, ended 2026-05-08 15:35:30.

2461479678, lawful female human Valkyrie

            ---------
            |.......|
            |.......|
            |..<....|                  ####           -------
            |........#       #########################-......
            |.......|###  ####  #-----.-------        |.....|
            -.-------######     #|C.........C|#d##%###-......
             ######### #        #|.....C.....|@       |.....|
               #       ###      #|...-----...|#       -------
             ###                #|...|.{.|...|#
             #                  #|..C.{.{|C..|#
            ##                  #|...|.{.|...|#
     -------.-------            #|...-----...|#
     |.............|            #|.....C.....|#
     |..!?.........|            #|C....%....C|#
     |..............#############-------------#
     |.......>.....|                   `[######
     |.............|
     ---------------

2461479678 the Skirmisher   St:18/03 Dx:11 Co:18 In:8 Wi:10 Ch:8  Lawful
Dlvl:7  $:70 HP:0(58) Pw:6(16) AC:10 Xp:5 T:2844 

Latest messages:
 You drop a dwarvish cloak.  You hear some noises.
 What do you want to drop? [$tv-yB-G or ?*] t
 You drop an oak wand.
 What do you want to drop? [$v-yB-G or ?*] v
 You drop a coral ring.
 What do you want to drop? [$w-yB-G or ?*] w
 You drop a brilliant blue potion.  Your movements are now unencumbered.
 What do you want to drop? [$xyB-G or ?*] x
 You drop an orcish helm.
 What do you want to drop? [$yB-G or ?*] y
 You drop a steel ring.
 What do you want to drop? [$B-G or ?*] B
 You drop a dark blue spellbook.
 What do you want to drop? [$C-G or ?*] C
 You drop a pair of iron shoes.
 What do you want to drop? [$DEFG or ?*] <space>
 Never mind.
 Restoring save file...
 Velkommen 2461479678, the human Valkyrie, welcome back to NetHack!
 Restoring save file...
 Velkommen 2461479678, the human Valkyrie, welcome back to NetHack!
 You hear some noises.
 There are many objects here.
 You swap places with your jackal.
 You swap places with your jackal.
 You see here a coyote corpse.
 You see here a scroll labeled GNIK SISI VLE.
 You miss the dog.
 The dog bites!
 The jackal drops a giant ant corpse.
 You see here a scroll labeled GNIK SISI VLE.
 The dog bites!
 The dog bites!
 The jackal picks up a scroll labeled GNIK SISI VLE.
 The jackal drops a scroll labeled GNIK SISI VLE.
 You miss the dog.
 The dog bites!
 The dog bites!
 You return to human form!
 You see here a coyote corpse.
 The jackal picks up a scroll labeled GNIK SISI VLE.
 You hear some noises in the distance.
 The dog bites!
 The dog bites!
 You die...
 Do you want your possessions identified? [ynq] (y) y
 Do you want to see your attributes? [ynq] (y) n
 Do you want an account of creatures vanquished? [ynaq] (y) n
 Do you want to see your conduct and achievements? [ynq] (y) n
 Do you want to see the dungeon overview? [ynq] (y) n

Inventory:
 Coins    ('$')
  $ - 70 gold pieces
 Weapons  (')')
  F - a +0 war hammer
 Comestibles  ('%')
  E - an uncursed pear
 Scrolls  ('?')
  D - an uncursed scroll of punishment
 Gems/Stones  ('*')
  G - an uncursed worthless piece of yellowish brown glass

2461479678 the Valkyrie's attributes:

Background:
 You were a Skirmisher, a level 5 human Valkyrie.
 You were lawful, on a mission for Tyr
 who was opposed by Odin (neutral) and Loki (chaotic).
 You were right-handed.
 You were in the Dungeons of Doom, on level 7.
 You entered the dungeon 2844 turns ago.
 You had 250 experience points, 70 more were needed to attain level 6.

Basics:
 You had 0 out of 58 hit points.
 You had 6 out of 16 energy points (spell power).
 Your armor class was 10.
 Your wallet contained 70 zorkmids.
 Autopickup was off.

Final Characteristics:
 Your strength was 18/03 (limit:18/100).
 Your dexterity was 11 (limit:18).
 Your constitution was 18 (limit:18).
 Your intelligence was 8 (limit:18).
 Your wisdom was 10 (limit:18).
 Your charisma was 8 (limit:18).

Final Status:
 You weren't hungry.
 You were unencumbered.
 You were bare handed.
 You were unskilled in bare handed combat.
 You weren't wearing any armor.

Final Attributes:
 You were piously aligned.
 You were cold resistant.
 You were level-drain resistant.
 You were stealthy.
 You were a werejackal.
 You were harmed by silver.
 You were unlucky.
 Tyr was angry with you.
 You are dead.

Miscellaneous:
 You encountered 1 bones level.
 Total elapsed playing time was 59 minutes and 42 seconds.

Major events:
 Turn
    1: 2461479678 the lawful human Valkyrie entered the dungeon
 1118: attained the rank of Skirmisher (level 3)
 2844: killed by a dog

You didn't know any spells.

Skills:
 Fighting Skills
   bare handed combat [Unskilled]
   two weapon combat  [Unskilled]
   riding             [Unskilled]
 Weapon Skills
   dagger             [Basic]
   axe                [Unskilled]
   pick-axe           [Unskilled]
   short sword        [Unskilled]
   broadsword         [Unskilled]
   long sword         [Unskilled]
   two-handed sword   [Unskilled]
   saber              [Unskilled]
   hammer             [Unskilled]
   quarterstaff       [Unskilled]
   polearms           [Unskilled]
   spear              [Skilled]
   trident            [Unskilled]
   lance              [Unskilled]
   sling              [Unskilled]
 Spellcasting Skills
   attack spells      [Unskilled]
   escape spells      [Unskilled]

Voluntary challenges:
 Character rerolling was not enabled.
 You never genocided any monsters.
 You never polymorphed an object.
 You used no wishes.
Achievements:
 You attained the rank of Skirmisher.
 You entered a shop.

 The Dungeons of Doom: levels 1 to 7
    Level 1:
    Level 2:
       A fountain.
    Level 3:
       Many altars, many fountains.
    Level 4:
       An altar to Tyr, a grave.
       Final resting place for
          1112463359-Bar-Orc-Fem-Cha, killed by a shuriken.
    Level 5:
       A fountain.
    Level 6:
       A tool shop, some fountains.
    Level 7: <- You were here.
       Many fountains.
       Final resting place for
          you, killed by a dog.


Vanquished creatures:
  a pony
  a gnome leader
  5 giant ants
  a little dog
  a floating eye
  2 dwarves
  3 hill orcs
  a rothe
  a monkey
  a wererat
 an acid blob
  3 coyotes
  2 large kobolds
  5 cave spiders
  2 yellow molds
  a green mold
  a gecko
  4 jackals
  a kobold
  4 goblins
  a sewer rat
  6 grid bugs
  a bat
  a lichen
  2 kobold zombies
  4 newts
56 creatures vanquished.

No species were genocided or became extinct.

Game over:
                       ----------
                      /          \
                     /    REST    \
                    /      IN      \
                   /     PEACE      \
                  /                  \
                  |    2461479678    |
                  |      70 Au       |
                  | killed by a dog  |
                  |                  |
                  |                  |
                  |                  |
                  |       2026       |
                 *|     *  *  *      | *
        _________)/\\_//(\/(/\)/\//\/|_)_______

Farvel 2461479678 the Valkyrie...

You died in The Dungeons of Doom on dungeon level 7 with 1363 points,
and 70 pieces of gold, after 2844 moves.
You were level 5 with a maximum of 58 hit points when you died.

